 Dungeon Crawl Stone Soup version 0.28-a0-1206-g193881aaa2 (webtiles) character file.

Game seed: 4298771572013318503

170 enile the Skirmisher (level 5, -8/50 HPs)
             Began as a Minotaur Monk on Dec 20, 2021.
             Killed by divine providence
             ... invoked by an orc priest
              (15 damage)
             ... on level 3 of the Dungeon.
             The game lasted 00:02:51 (2152 turns).

enile the Skirmisher (Minotaur Monk)                Turns: 2152, Time: 00:02:52

Health: -8/50      AC:  3    Str: 16 (17) XL:     5   Next: 25%
Magic:  4/4        EV: 12    Int:  5 (7)  God:
Gold:   63         SH:  0    Dex: 11 (13) Spells: 4/4 levels left

rFire   . . .      SeeInvis .   a - +0 falchion
rCold   . . .      Faith    .   (no shield)
rNeg    . . .      Spirit   .   d - +0 leather armour
rPois   .          Reflect  .   (helmet restricted)
rElec   .          Harm     .   (no cloak)
rCorr   .          Rampage  .   (no gloves)
Will    .....                   (no boots)
Stlth   +.........              (no amulet)
HPRegen 0.16/turn               (no ring)
MPRegen 0.09/turn               (no ring)

@: no status effects
A: horns 2, retaliatory headbutt
a: no special abilities


You were on level 3 of the Dungeon.
You visited 1 branch of the dungeon, and saw 3 of its levels.

You collected 63 gold pieces.

Inventory:

Hand Weapons
 a - a +0 falchion (weapon)
Missiles
 m - 76 stones (quivered)
Armour
 b - a +0 robe
 d - a +0 leather armour (worn)
Scrolls
 g - a scroll of holy word {unknown}
 i - a scroll of teleportation {unknown}
 j - 2 scrolls of identify {unknown}
 k - a scroll of enchant armour {unknown}
 l - a scroll of enchant weapon {unknown}
 n - 4 scrolls of brand weapon {unknown}
 p - a scroll of fear {unknown}
 q - a scroll of magic mapping {unknown}
Potions
 e - 3 potions of mutation {unknown}
 o - 2 potions of haste {unknown}


   Skills:
 - Level 6.0 Fighting
 + Level 4.3 Long Blades
 - Level 3.0 Armour
 - Level 3.2 Dodging
 - Level 1.5 Stealth


You had 4 spell levels left.
You didn't know any spells.
Your spell library contained the following spells:

 Spells                   Type           Power      Damage    Failure   Level
 Magic Dart               Conj           0%         1d3       54%         1
 Searing Ray              Conj           0%         2d4       67%         2
 Fulminant Prism          Conj/Hex       0%         3d6       99%         4


Dungeon Overview and Level Annotations

Branches:
Dungeon (3/15)

Altars:


Innate Abilities, Weirdness & Mutations

You have a pair of horns on your head.
You reflexively headbutt those who attack you in melee.


Message History

The orc priest hits you with a +0 mace. The orc wizard completely misses you.
The orc priest closely misses you.
You closely miss the orc wizard.
The orc wizard is heavily wounded.
The orc wizard hits you with a +0 dagger.
The orc priest hits you but does no damage.
You slash the orc wizard!
You kill the orc wizard!
Something hits you. The orc priest hits you with a +0 mace.
You hit the orc priest but do no damage.
Something hits you. The orc priest hits you with a +0 mace.
Sorry, you're not good enough to have a special ability.
It was a potion of degeneration.
There was something very wrong with that liquid.
You feel weakened.
You feel dopey.
You feel clumsy.
You hear some strange, mumbled words.
Something tries to affect you, but you resist.
The orc priest miscasts a cantrip.
It was a potion of heal wounds.
You feel much better.
You hear some strange, mumbled words.
You are confused.
The orc priest calls down the wrath of Beogh upon you.
Beogh smites you! The orc priest hits you with a +0 mace! Something hits you.
You hit the orc priest.
The orc priest is lightly wounded.
Something hits you.
The orc priest hits you but does no damage.
Something barely misses you. The orc priest hits you with a +0 mace!
* * * LOW HITPOINT WARNING * * *
Something hits you.
* * * LOW HITPOINT WARNING * * *
You closely miss the orc priest.
You headbutt the orc priest, but do no damage.
The orc priest is lightly wounded.
You feel less confused.
The orc priest mumbles some strange prayers to Beogh against you.
Beogh smites you!
You die...

.# #...#...## # #.#
##.......###### #.###
#.............
##..####.......#####.
##......#..#...## #.
. ##.......#..#####
#. ...#..).....#..#
#. .....!..o†.....##
#.
.####...{@..........
#. #.......#..#####
#. #.......#..# # ##
.......####..#
#####.##. ########
#... ........#
#.########.##. .#
#.... #..). ####....


You could see an orc priest.

Vanquished Creatures
  Natasha (thrice) (D:2)
  An orc wizard (D:3)
  2 adders (D:2)
  An ufetubus (D:3)
  A worm (D:2)
  A dart slug (D:1)
  2 orcs (D:3)
  2 bats
  2 endoplasms
  A giant cockroach (D:2)
  6 goblins
  10 hobgoblins
  A kobold (D:2)
  5 quokkas
  2 ball pythons (D:1)
  2 frilled lizards
  A rat (D:1)
43 creatures vanquished.

Notes
Turn   | Place    | Note
-------+----------+-------------------------------------------
     0 | D:1      | enile the Minotaur Monk began the quest for the Orb.
     0 | D:1      | Reached XP level 1. HP: 19/19 MP: 0/0
    68 | D:1      | Reached skill level 4 in Fighting
   241 | D:1      | Reached XP level 2. HP: 28/28 MP: 1/1
   697 | D:2      | Reached skill level 5 in Fighting
   697 | D:2      | Reached XP level 3. HP: 33/36 MP: 2/2
   733 | D:2      | Noticed Natasha
   742 | D:2      | Killed Natasha
   957 | D:2      | Noticed Natasha
   964 | D:2      | Reached skill level 6 in Fighting
   964 | D:2      | Reached XP level 4. HP: 44/44 MP: 3/3
   975 | D:2      | Killed Natasha
   976 | D:2      | Reached skill level 1 in Armour
  1347 | D:2      | Noticed Natasha
  1352 | D:2      | Killed Natasha
  1802 | D:3      | Reached XP level 5. HP: 41/50 MP: 4/4
  2152 | D:3      | Killed from afar by an orc priest

Illustrated notes

Levels and vault maps discovered:
D:1:      lightli_arrival_lavapool, layout_basic, hex_tiny
D:2:      layout_basic, hangedman_decor_points, uniq_natasha
D:3:      layout_loops_ring, shapermc_ecumenical_altar_mp_vishouse

Skill      XL: |  1  2  3  4  5 |
---------------+----------------+-----
Fighting       | 4 5 6 |  6.0
Long Blades    | 4 |  4.3
Armour         | 2 3 |  3.0
Dodging        | |  3.2
Stealth        | |  1.5

Action                   |  1- 3 |  4- 6 || total
-------------------------+-------+-------++-------
Melee: Falchion          |    44 |    65 ||   109
       Headbutt          |     6 |    15 ||    21
  Use: Potion            |       |     3 ||     3
 Stab: Sleeping          |       |     1 ||     1
Armor: Robe              |     2 |       ||     2
       Leather armour    |     8 |    14 ||    22
Dodge: Dodged            |    34 |    44 ||    78

Table legend: (Time is in decaauts)
 A = Elapsed time spent in this place.
 B = Non-inter-level travel time spent in this place.
 C = Inter-level travel time spent in this place.
 D = Time resting spent in this place.
 E = Time spent auto-exploring this place.
 F = Levels seen in this place.
 G = Mean time per level.
                   A        B        C        D        E       F      G
               +--------+--------+--------+--------+--------+-----+--------+
         Total |   2171 |   2137 |     34 |      0 |   1809 |   3 |  723.7 |
       Dungeon |   2171 |   2137 |     34 |      0 |   1809 |   3 |  723.7 |
               +--------+--------+--------+--------+--------+-----+--------+

Top non-repeatable levels by time:
     D:2: 1132 daAuts
     D:1: 671 daAuts
     D:3: 368 daAuts
